 Dungeon Crawl Stone Soup version 0.28.0 (webtiles) character file.

Game seed: 9245345890462891768

616 crazypyro the Cudgeller (level 7, -4/70 HPs)
             Began as an Ogre Monk on Feb 14, 2022.
             Killed from afar by Ijyb (31 damage)
             ... with a bolt of acid
             ... on level 4 of the Dungeon.
             The game lasted 00:08:42 (5017 turns).

crazypyro the Cudgeller (Ogre Monk)                 Turns: 5017, Time: 00:08:43

Health: -4/70      AC:  3    Str: 18    XL:     7   Next: 45%
Magic:  7/7        EV: 10    Int: 22    God:
Gold:   139        SH:  0    Dex: 13    Spells: 6/6 levels left

rFire   . . .      SeeInvis .   p - +6 rapier "Ippia" {vorpal, Int+5 Dex+2}
rCold   . . .      Faith    .   (no shield)
rNeg    . . .      Spirit   .   b - +0 robe
rPois   .          Reflect  .   (helmet restricted)
rElec   .          Harm     .   (no cloak)
rCorr   .          Rampage  .   (gloves unavailable)
Will    .....                   (boots unavailable)
Stlth   ++........              (no amulet)
HPRegen 0.21/turn               c - +6 ring of intelligence
MPRegen 0.10/turn               (no ring)

@: no status effects
A: large, unfitting armour, tough skin 1
a: no special abilities


You were on level 4 of the Dungeon.
You visited 1 branch of the dungeon, and saw 4 of its levels.

You collected 139 gold pieces.

Inventory:

Hand Weapons
 a - a +0 mace
 i - a +0 flail
 p - the +6 rapier "Ippia" (weapon) {vorpal, Int+5 Dex+2}
   (You found it on level 3 of the Dungeon)

   It inflicts extra damage upon your enemies.
   Int:       It affects your intelligence (+5).
   Dex:       It affects your dexterity (+2).
Missiles
 m - a throwing net (quivered)
Armour
 b - a +0 robe (worn)
Jewellery
 c - a +6 ring of intelligence (left hand)
 e - an amulet of faith
 l - an amulet of regeneration
 r - a +4 ring of evasion
Scrolls
 f - 4 scrolls of identify {unknown}
 h - a scroll of immolation {unknown}
 j - a scroll of amnesia {unknown}
 k - 2 scrolls of teleportation {unknown}
Potions
 d - 2 potions of curing
 g - 2 potions of cancellation {unknown}
 n - a potion of heal wounds {unknown}
 o - a potion of might {unknown}
 q - 2 potions of brilliance {unknown}


   Skills:
 - Level 4.0 Fighting
 - Level 3.0 Short Blades
 * Level 6.9 Maces & Flails
 - Level 2.7 Dodging
 - Level 1.4 Stealth


You had 6 spell levels left.
You didn't know any spells.
Your spell library contained the following spells:

 Spells                   Type           Power      Damage    Failure   Level
 Animate Armour           Summ/Erth      0%         N/A       86%         4
 Blade Hands              Tmut           0%         N/A       99%         5
 Iron Shot                Conj/Erth      0%         9d1       100%        6


Dungeon Overview and Level Annotations

Branches:
Dungeon (4/15)             Temple (0/1) D:4

Altars:
Xom

Annotations:
D:4 Ijyb


Innate Abilities, Weirdness & Mutations

You are too large for most types of armour.
You have tough skin. (AC +1)


Message History

You closely miss the goblin. The goblin hits you with a +0 club. x2
You miss the goblin. The goblin barely misses you.
You hit the goblin.
You kill the goblin!
You hit the orc.
The orc is almost dead.
The orc hits you with a +0 mace. The orc barely misses you.
You puncture the orc!
You kill the orc!
Natasha closely misses you.
You completely miss Natasha.
Natasha zaps a wand.
The puff of flame hits you!
You hit Natasha.
Natasha is heavily wounded.
Natasha zaps a wand.
The puff of flame hits you.
You puncture Natasha!
You kill Natasha!
Natasha yowls pathetically as she dies!
No target in view!
No target in view!
No target in view!
Ijyb is nearby!
Ijyb zaps a wand.
The bolt of acid hits you!
Things that are here:
a +0 mace; a +0 club; an orc corpse You hit Ijyb.
Ijyb is moderately wounded.
Ijyb hits you with a +0 dagger of speed.
Ijyb hits you but does no damage.
You hit Ijyb but do no damage.
Ijyb is moderately wounded.
The orc hits you from afar with a +0 trident.
Ijyb hits you but does no damage.
You are too injured to fight recklessly!
You are too injured to fight recklessly!
You hit Ijyb.
Ijyb is moderately wounded.
The orc barely misses you.
Ijyb hits you with a +0 dagger of speed.
Ijyb zaps a wand.
The bolt of acid hits you!!
You die...

# ###.###.###.# #.......
#.............# ##)#####
##.#######.##### #)# #
........##.# #)# §≈≈≈≈≈≈..#.#
#)# .....§§§..§.# #.#
≈.§.≈≈≈.≈.#### #.#
≈.≈...≈.≈.######### #.#
≈.≈._.≈.≈.......@.# #.#
≈.≈...≈.≈..######g# #.#
≈.≈≈≈≈≈.≈.#######o# #.#
§....§§.≈.###.o...# #..
§≈≈≈§§≈§...##.######### ###
§...§§§....##...g.o...#######
#..####.##..........#...5...#
#.##.##..####...#####.#
#.##.##..# ##.## #.#


You could see Ijyb and an orc.

Vanquished Creatures
  Sigmund (D:2)
  2 orc priests (D:4)
  A bullfrog skeleton (D:4)
  A centaur skeleton (D:4)
  A gnoll shaman (D:2)
  Jessica (D:2)
  Natasha (twice) (D:4)
  An orc wizard (D:3)
  Robin (D:2)
  8 gnolls
  An adder (D:4)
  4 dart slugs
  8 orcs
  3 endoplasms
  9 giant cockroaches
  9 hobgoblins
  4 jackals
  4 quokkas
  9 ball pythons
  3 bats (D:3)
  5 frilled lizards
  13 goblins
  7 kobolds
  8 rats
  A spectral kobold (D:2)
107 creatures vanquished.

Notes
Turn   | Place    | Note
-------+----------+-------------------------------------------
     0 | D:1      | crazypyro the Ogre Monk began the quest for the Orb.
     0 | D:1      | Reached XP level 1. HP: 24/24 MP: 1/1
    42 | D:1      | Reached skill level 3 in Maces & Flails
   169 | D:1      | Reached XP level 2. HP: 32/32 MP: 2/2
   572 | D:1      | Reached XP level 3. HP: 25/39 MP: 3/3
   835 | D:2      | Noticed Sigmund
  1490 | D:2      | Killed Sigmund
  1491 | D:2      | Reached skill level 5 in Maces & Flails
  1491 | D:2      | Reached XP level 4. HP: 11/48 MP: 4/4
  1491 | D:2      | Reached XP level 5. HP: 12/54 MP: 5/5
  1813 | D:2      | Noticed Robin
  2236 | D:2      | Killed Robin
  2237 | D:2      | Reached XP level 6. HP: 54/62 MP: 6/6
  2293 | D:2      | Noticed Jessica
  2309 | D:2      | Killed Jessica
  2310 | D:2      | Reached skill level 6 in Maces & Flails
  2568 | D:2      | Found a faded altar of an unknown god.
  4181 | D:3      | Identified the +6 rapier "Ippia" {vorpal, Int+5 Dex+2}
  4369 | D:4      | Reached skill level 1 in Short Blades
  4375 | D:4      | Reached XP level 7. HP: 17/70 MP: 7/7
  4665 | D:4      | Noticed Natasha
  4671 | D:4      | Killed Natasha
  4848 | D:4      | Found a staircase to the Ecumenical Temple.
  4929 | D:4      | Found a shimmering altar of Xom.
  4977 | D:4      | Noticed Ijyb
  4978 | D:4      | Noticed Natasha
  5012 | D:4      | Killed Natasha
  5017 | D:4      | Killed from afar by Ijyb

Illustrated notes

Levels and vault maps discovered:
D:1:      beargit_arrival_greenhouse, layout_basic, item_on_display_a
D:2:      layout_rooms, dreamdust_ecumenical_altar_drowned_temple, uniq_jessica,
          uniq_sigmund, uniq_robin
D:3:      layout_basic, chequers_serial_rivers_room_a,
          chequers_serial_rivers_micro_e
D:4:      kennysheep_the_goblin_king, layout_loops_ring,
          mainiacjoe_overflow_concentric_impassable, minmay_temple_entry_trees,
          kennysheep_doodads, uniq_natasha

Skill      XL: |  1  2  3  4  5  6  7 |
---------------+----------------------+-----
Maces & Flails | 3 5 6 |  6.9
Short Blades   | 1 3 |  3.0
Fighting       | |  4.0
Dodging        | |  2.7
Stealth        | |  1.4

Action                   |  1- 3 |  4- 6 |  7- 9 || total
-------------------------+-------+-------+-------++-------
Melee: Mace              |    86 |    35 |       ||   121
       Punch             |     1 |     4 |       ||     5
       Flail             |       |   135 |       ||   135
       Rapier            |       |    28 |    38 ||    66
  Use: Potion            |     1 |       |       ||     1
 Stab: Sleeping          |     2 |     2 |     1 ||     5
Armor: Robe              |    23 |    44 |    12 ||    79
Dodge: Dodged            |    48 |   130 |    15 ||   193
